 Dungeon Crawl Stone Soup version 0.31-a0-263-ge8cad7f256 (webtiles) character file.

Game seed: 5442912069622875373

179 qw the Shooter (level 5, -1/46 HPs)
             Began as a Minotaur Hexslinger on July 13, 2023.
             Slain by a gnoll
             ... wielding a +0 spear
              (4 damage)
             ... on level 4 of the Dungeon.
             The game lasted 00:00:45 (2307 turns).

qw the Shooter (Minotaur Hexslinger)                Turns: 2307, Time: 00:00:46

Health: -1/46      AC:  5    Str: 12    XL:     5   Next: 33%
Magic:  5/5        EV: 11    Int: 12    God:
Gold:   122        SH:  5    Dex: 18    Spells: 5/6 levels left

rFire   . . .        i - +1 orcbow of Suicidal Tendencies {elec, rPois rC+ Int+2}
rCold   + . .        (shield currently unavailable)
rNeg    . . .        j - +0 ring mail
rPois   +            (helmet restricted)
rElec   .            (no cloak)
rCorr   .            (no gloves)
SInv    .            (no boots)
Will    .....        b - amulet of reflection
Stlth   +            f - ring of the Singing Gods {Wiz rC- Dex+3 Slay+3}
HPRegen 0.27/turn    c - ring of protection from cold
MPRegen 0.09/turn

%: reflection, wizardry (x1)
@: no status effects
A: horns 2, retaliatory headbutt, claws 2, sense surroundings 1, screaming 1
a: no special abilities


You were on level 4 of the Dungeon.
You visited 1 branch of the dungeon, and saw 4 of its levels.

You collected 122 gold pieces.


Innate Abilities, Weirdness & Mutations

You have a pair of horns on your head.
You reflexively headbutt those who attack you in melee.
You have very sharp fingernails.
You passively map a small area around you.
You occasionally shout uncontrollably at your foes.


   Skills:
 - Level 3.8 Fighting
 + Level 5.0 Ranged Weapons
 - Level 1.0 Armour
 - Level 2.1 Dodging
 - Level 1.0 Spellcasting
 - Level 2.0 Hexes


You had 5 spell levels left.
You knew the following spells:

 Your Spells              Type           Power      Damage    Failure   Level
a - Slow                  Hex            20%        N/A       12%         1

Your spell library contained the following spells:

 Spells                   Type           Power      Damage    Failure   Level
 Inner Flame              Hex/Fire       3%         N/A       45%         3
 Portal Projectile        Hex/Tloc       6%         N/A       45%         3
 Cause Fear               Hex            2%         N/A       71%         4

Inventory:

Hand Weapons
 i - the +1 orcbow of Suicidal Tendencies (weapon) {elec, rPois rC+ Int+2}
   (You acquired it on level 3 of the Dungeon)

   Int:       It affects your intelligence (+2).
   rC:        It protects you from cold.
   rPois:     It protects you from poison.
Armour
 j - a +0 ring mail (worn)
Jewellery
 b - an amulet of reflection (around neck)
 c - a ring of protection from cold (right claw)
 f - the ring of the Singing Gods (left claw) {Wiz rC- Dex+3 Slay+3}
   (You acquired it on level 2 of the Dungeon)

   [ring of wizardry]

   It improves your spell success rate.
   Dex:       It affects your dexterity (+3).
   Slay:      It affects your accuracy & damage with ranged weapons and melee
   (+3).
   rC:        It makes you vulnerable to cold.
 m - a ring of protection from fire
Wands
 g - a wand of digging (6)
Scrolls
 a - a scroll of identify
Potions
 d - a potion of haste
 e - a potion of mutation
 h - a potion of enlightenment
 l - a potion of brilliance {unknown}
 n - a potion of degeneration {unknown}
 p - a potion of curing {unknown}
 q - a potion of magic {unknown}

Dungeon Overview and Level Annotations

Branches:
Dungeon (4/15)
 Temple: D:4-7

Altars:
Zin

Shops:
D:2 =

Annotations:
D:2 1 runed translucent door, Crazy Yiuf
D:3 3 runed translucent doors, qw's ghost, amateur MiHs
D:4 Edmund


Message History

Edmund hits you with a +0 flail of protection.
You shoot an arrow. The arrow hits Edmund.
Edmund is severely wounded.
Edmund hits you with a +0 flail of protection!
Edmund closely misses you. The phantom hits you.
The phantom blinks!
You blink.
Enter note:
2301 ||| READING scroll of teleportation.
As you read the scroll of teleportation, it crumbles to dust.
You feel strangely unstable. The phantom closely misses you.
You shoot an arrow. The arrow hits the phantom!
The phantom is moderately damaged.
The phantom hits you.
The phantom blinks!
You blink.
Enter note: You shoot an arrow.
The arrow hits the phantom!
Lightning courses through the phantom!
You destroy the phantom!
Your Fighting skill increases to level 3!
You have reached level 5!
You shoot an arrow. The arrow closely misses the jackal.
Your surroundings suddenly seem different.
You yell at the gnoll!
A hound and 2 gnolls come into view.
Found 12 gold pieces.
The hound barks!
The gnoll shouts!
You hear a shout! x2
A gnoll comes into view. It is wielding a +0 club.
Enter note: You shoot an arrow.
The arrow barely misses the hound.
The hound closely misses you. The hound bites you.
A gnoll comes into view. It is wielding a +0 whip.
The hound bites you but does no damage.
You shoot an arrow. The arrow closely misses the hound.
The gnoll shouts!
The gnoll hits you from afar with a +0 spear.
You block the hound's attack. The gnoll barely misses you.
The gnoll hits you with a +0 club.
You shoot an arrow. The arrow closely misses the hound.
The hound bites you but does no damage. You block the hound's attack.
The gnoll hits you from afar with a +0 spear.
You die...

###.......##..(......#
* ####.##.###.......##
* ####.# ##.....## *
#.# ##...## #.# #+## *
#.# #.# #.# #.# #.#
##.## * #.# * #.@.#,,
*#$.hggg# * .......#.#
* * *#.###.... .., ,
.. * #####. ##* #* *.#
#* * , *


You could see a hound and 3 gnolls.

Vanquished Creatures
  A phantom (D:4)
  A hound (D:4)
  Jessica (D:2)
  A dart slug (D:1)
  4 orcs (D:3)
  7 endoplasms (D:1)
  2 giant cockroaches
  3 goblins
  2 hobgoblins
  2 quokkas
  7 ball pythons
  4 bats
  6 kobolds
  6 rats
47 creatures vanquished.

Notes
Turn   | Place    | Note
-------+----------+-------------------------------------------
     0 | D:1      | qw the Minotaur Hexslinger began the quest for the Orb.
     0 | D:1      | Reached XP level 1. HP: 16/16 MP: 1/1
     0 | D:1      | 0 ||| qw: Version: 0.3-a-52-g30416fa
     0 | D:1      | 0 ||| qw: Game counter: 7433
     0 | D:1      | 0 ||| qw: Melee chars always use a shield: true
     0 | D:1      | 0 ||| qw: God list: Okawaru
     0 | D:1      | 0 ||| qw: Allow faded altars: false
     0 | D:1      | 0 ||| qw: Do Orc after clearing Dungeon:15 true
     0 | D:1      | 0 ||| qw: Do second Lair branch before Depths: true
     0 | D:1      | 0 ||| qw: Lair rune preference: random
     0 | D:1      | 0 ||| qw: Goals: Normal
     0 | D:1      | 0 ||| PLANNING D:1-11
   284 | D:1      | Reached skill level 3 in Ranged Weapons
   293 | D:1      | Reached XP level 2. HP: 21/23 MP: 2/2
   431 | D:1      | 431 ||| FLEEEEING.
   433 | D:1      | 433 ||| FLEEEEING.
   434 | D:1      | 434 ||| FLEEEEING.
   793 | D:1      | 793 ||| UPGRADING to +0 leather armour.
   803 | D:1      | 803 ||| DROPPING +0 robe.
   804 | D:1      | 804 ||| UPGRADING to +0 ring mail.
   814 | D:1      | 814 ||| DROPPING +0 leather armour.
   815 | D:1      | 815 ||| UPGRADING to ring of protection from fire.
   816 | D:1      | 816 ||| READING 2 scrolls labelled OWALIR JOELEDD.
   817 | D:1      | 817 ||| READING scroll labelled DEXICZA LUDEBB.
   820 | D:1      | 820 ||| DROPPING scroll of poison.
   876 | D:2      | Found Moitsof's Jewellery Shop.
   884 | D:2      | 884 ||| SHOPLISTING +5 ring of evasion (504 gold, have 21).
   884 | D:2      | 884 ||| SHOPLISTING ring of positive energy (280 gold, have
                  | 21).
   884 | D:2      | 884 ||| SHOPLISTING ring of see invisible (210 gold, have
                  | 21).
   884 | D:2      | 884 ||| SHOPLISTING ring of the Invisible Hand {Wiz Will+}
                  | (596 gold, have 21).
   887 | D:2      | Found a glowing silver altar of Zin.
   995 | D:2      | Noticed Jessica
   999 | D:2      | Killed Jessica
  1000 | D:2      | Reached skill level 4 in Ranged Weapons
  1000 | D:2      | Reached XP level 3. HP: 29/29 MP: 3/3
  1305 | D:2      | Found a runed translucent door.
  1306 | D:2      | Noticed Crazy Yiuf
  1453 | D:2      | Reached skill level 1 in Armour
  1618 | D:2      | 1618 ||| UPGRADING to amulet of reflection.
  1623 | D:2      | 1623 ||| UPGRADING to ring of protection from cold.
  1624 | D:2      | 1624 ||| READING scroll labelled VAQYLO OSTAPS.
  1625 | D:2      | 1625 ||| READING scroll labelled URUFYGU ROMUVO.
  1625 | D:2      | Identified a scroll of acquirement
  1625 | D:2      | 1625 ||| ACQUIRING ring of the Singing Gods {Wiz rC- Dex+3
                  | Slay+3}
  1625 | D:2      | Acquired the ring of the Singing Gods {Wiz rC- Dex+3
                  | Slay+3}
  1627 | D:2      | 1627 ||| UPGRADING to ring of the Singing Gods {Wiz rC-
                  | Dex+3 Slay+3}.
  1629 | D:2      | 1629 ||| READING scroll labelled QURONY MUZ NEX.
  1630 | D:2      | 1630 ||| DRINKING 2 murky clear potions.
  1687 | D:3      | 1687 ||| READING scroll of acquirement.
  1687 | D:3      | 1687 ||| ACQUIRING +1 orcbow of Suicidal Tendencies {elec,
                  | rPois rC+ Int+2}
  1687 | D:3      | Acquired the +1 orcbow of Suicidal Tendencies {elec, rPois
                  | rC+ Int+2}
  1689 | D:3      | 1689 ||| SWAPPING to +1 orcbow of Suicidal Tendencies
                  | {elec, rPois rC+ Int+2}.
  1690 | D:3      | 1690 ||| DROPPING +1 sling.
  1722 | D:3      | Reached XP level 4. HP: 36/36 MP: 4/4
  2047 | D:3      | Found a runed translucent gate.
  2048 | D:3      | Found a runed translucent gate.
  2050 | D:3      | Found a runed translucent gate.
  2052 | D:3      | Noticed qw's ghost (amateur MiHs)
  2116 | D:3      | 2116 ||| READING scroll labelled YPSAME IF DUR.
  2117 | D:3      | 2117 ||| READING scroll labelled CUMAUS WUJAI.
  2183 | D:3      | 2183 ||| DRINKING 2 metallic brown potions.
  2183 | D:3      | Gained mutation: You occasionally shout uncontrollably at
                  | your foes. [potion of mutation]
  2183 | D:3      | Gained mutation: You have sharp fingernails. [potion of
                  | mutation]
  2183 | D:3      | Gained mutation: You passively map a small area around you.
                  | [potion of mutation]
  2183 | D:3      | Gained mutation: You have very sharp fingernails. [potion
                  | of mutation]
  2184 | D:3      | 2184 ||| READING 2 scrolls of identify.
  2184 | D:3      | 2184 ||| IDENTIFYING orange potion
  2276 | D:4      | Reached skill level 5 in Ranged Weapons
  2294 | D:4      | Noticed Edmund
  2298 | D:4      | Noticed a phantom
  2300 | D:4      | HP: 9/36 [Edmund/+0 flail of protection (11)]
  2301 | D:4      | 2301 ||| READING scroll of teleportation.
  2303 | D:4      | Killed a phantom
  2304 | D:4      | Reached skill level 3 in Fighting
  2304 | D:4      | Reached XP level 5. HP: 11/46 MP: 5/5
  2305 | D:4      | HP: 10/46 [hound (1)]
  2306 | D:4      | HP: 3/46 [gnoll/+0 club (2)]
  2307 | D:4      | Slain by a gnoll

Levels and vault maps discovered:
D:1:      giann_bridges, layout_loops_corners
D:2:      layout_basic, serial_shops, nicolae_shop_crystal, basic_altar,
          uniq_jessica, uniq_crazy_yiuf_cottage
D:3:      layout_rooms, gammafunk_ghost_necromancy, amcnicky_mini_pool_small,
          amcnicky_mini_rare_corridor_liquid, nrook_loot_triangle, minivault_24
D:4:      kennysheep_six_static_rooms, layout_loops_corners,
          nicolae_ru_path_of_blood, grunt_dithmenos_smoke_and_mirrors,
          uniq_edmund

Skill      XL: |  1  2  3  4 |
---------------+-------------+-----
Ranged Weapons | 3 4 5 |  5.0
Fighting       | 2 3 |  3.8
Armour         | 1 |  1.0
Dodging        | |  2.1
Spellcasting   | |  1.0
Hexes          | |  2.0

Action                     |  1- 3 |  4- 6 || total
---------------------------+-------+-------++-------
   Fire: Sling             |    84 |       ||    84
         Orcbow            |     3 |    32 ||    35
    Use: Scroll            |     6 |     4 ||    10
         Potion            |     1 |     1 ||     2
 Armour: Robe              |     2 |       ||     2
         Ring mail         |     5 |     2 ||     7
  Dodge: Dodged            |    16 |     7 ||    23
  Block: Other             |       |     5 ||     5

Table legend:
 A = Non-vault XP
 B = Vault XP
 C = Vault XP percentage of total XP
 D = Non-vault monster count
 E = Vault monster count
 F = Vault count percentage of total count
                 A         B        C        D         E       F
            +---------+---------+-------+---------+---------+-------
      Total |     117 |     140 |  54.5 |      45 |       2 |   4.3
            +---------+---------+-------+---------+---------+-------
        D:1 |      36 |       0 |   0.0 |      22 |       0 |   0.0
        D:2 |      15 |      37 |  71.2 |      10 |       1 |   9.1
        D:3 |      21 |       0 |   0.0 |      10 |       0 |   0.0
        D:4 |      45 |     103 |  69.6 |       3 |       1 |  25.0
            +---------+---------+-------+---------+---------+-------
